 Dungeon Crawl Stone Soup version 0.28.0-1-gb440e238dd (webtiles) character file.

Game seed: 15724598834676414154

3843 PBDoughboyy the Magician (level 10, 0/74 HPs)
             Began as a Gnoll Earth Elementalist on Feb 20, 2022.
             Slain by an orc warrior (3 damage)
             ... in a bailey.
             The game lasted 00:41:36 (10357 turns).

PBDoughboyy the Magician (GnEE)                    Turns: 10357, Time: 00:41:36

Health: 0/74       AC:  8    Str:  8    XL:     10   Next: 18%
Magic:  4/20       EV: 18    Int: 19    God:
Gold:   444        SH:  0    Dex: 12    Spells: 12/23 levels left

rFire   . . .      SeeInvis +   m - +0 short sword (elec)
rCold   . . .      Faith    .   (no shield)
rNeg    . . .      Spirit   .   b - +0 robe
rPois   .          Reflect  .   e - +2 helmet
rElec   .          Harm     .   B - +0 cloak
rCorr   .          Rampage  .   (no gloves)
Will    .....                   q - +0 pair of boots
Stlth   +++.......              (no amulet)
HPRegen 0.22/turn               r - ring of see invisible
MPRegen 0.17/turn               n - +4 ring of evasion

@: no status effects
A: fangs 1, strong nose, distributed training
a: no special abilities


You were in a bailey.
You visited 1 branch of the dungeon, and saw 7 of its levels.
You also visited: Bailey.

You collected 444 gold pieces.

Inventory:

Hand Weapons
 g - a +1 dagger of venom
 m - a +0 short sword of electrocution (weapon)
 u - a +0 spear of freezing
Missiles
 c - 50 stones
 z - 4 poisoned darts (quivered)
 D - 13 boomerangs
 H - a throwing net
Armour
 b - a +0 robe (worn)
 e - a +2 helmet (worn)
 l - a scarf of resistance
 q - a +0 pair of boots (worn)
 B - a +0 cloak (worn)
Jewellery
 i - a ring of ice
 n - a +4 ring of evasion (right hand)
 r - a ring of see invisible (left hand)
Wands
 E - a wand of polymorph (3)
 G - a wand of digging (2)
 I - a wand of paralysis (3)
Scrolls
 d - a scroll of silence {unknown}
 f - 7 scrolls of identify {unknown}
 k - 5 scrolls of vulnerability {unknown}
 p - a scroll of brand weapon {unknown}
 s - a scroll of summoning {unknown}
 v - a scroll of torment {unknown}
 y - a scroll of enchant armour {unknown}
 A - 2 scrolls of amnesia {unknown}
 F - a scroll of magic mapping {unknown}
 J - a scroll of acquirement
Potions
 a - a potion of brilliance {unknown}
 h - a potion of might
 j - a potion of curing
 o - a potion of ambrosia {unknown}
 t - 2 potions of cancellation {unknown}
 w - a potion of attraction {unknown}
 x - a potion of lignification {unknown}
 C - 2 potions of invisibility {unknown}


   Skills:
 + Level 5.0 Fighting
 + Level 5.0 Short Blades
 + Level 5.0 Long Blades
 + Level 5.0 Axes
 + Level 5.0 Maces & Flails
 + Level 5.0 Polearms
 + Level 5.0 Staves
 + Level 5.0 Slings
 + Level 5.0 Bows
 + Level 5.0 Crossbows
 + Level 5.0 Throwing
 + Level 5.0 Armour
 + Level 6.9 Dodging
 + Level 6.6 Stealth
 + Level 5.0 Shields
 + Level 5.0 Unarmed Combat
 + Level 7.2 Spellcasting
 + Level 4.1 Conjurations
 + Level 4.1 Hexes
 + Level 4.1 Summonings
 + Level 4.1 Necromancy
 + Level 4.1 Translocations
 + Level 4.7 Transmutations
 + Level 4.1 Fire Magic
 + Level 4.1 Ice Magic
 + Level 4.1 Air Magic
 + Level 6.9 Earth Magic
 + Level 4.1 Poison Magic
 + Level 5.5 Invocations
 + Level 5.0 Evocations


You had 12 spell levels left.
You knew the following spells:

 Your Spells              Type           Power      Damage    Failure   Level
a - Sandblast             Erth           66%        2d15      1%          1
b - Stone Arrow           Conj/Erth      56%        3d10      3%          3
c - Petrify               Tmut/Erth      29%        N/A       9%          4
d - Spider Form           Tmut/Pois      23%        N/A       4%          3

Your spell library contained the following spells:

 Spells                   Type           Power      Damage    Failure   Level
 Beastly Appendage        Tmut           48%        N/A       1%          1
 Passwall                 Tmut/Erth      24%        N/A       1%          2
 Wereblood                Tmut           24%        N/A       2%          2
 Confusing Touch          Hex            22%        N/A       5%          3
 Borgnjor's Vile Clutch   Necr/Erth      14%        N/A       28%         5
 Alistair's Intoxication  Tmut/Pois      15%        N/A       41%         5
 Yara's Violent Unravell  Hex/Tmut       11%        3d6       41%         5
 Eringya's Noxious Bog    Tmut/Pois      11%        N/A       94%         6
 Enfeeble                 Hex            11%        N/A       100%        7


Dungeon Overview and Level Annotations

Branches:
Dungeon (7/15)             Bailey (1/1)
 Temple: D:4-7

Altars:
Cheibriados
Okawaru
Vehumet
Wu Jian
Yredelemnul


Innate Abilities, Weirdness & Mutations

You have very sharp teeth.
Your uncanny sense of smell can sniff out nearby items.
Your experience applies equally to all skills.


Message History

The orc warrior is heavily wounded.
The orc warrior hits you with a +1 vorpal great sword!
Casting: Sandblast (safe; 1% risk of failure)
Confirm with . or Enter, or press ? or * to list all spells.
Aiming: Sandblast (safe; 1% risk of failure)
Press: ? - help, Shift-Dir - straight line, f/p - orc warrior
Aim: an orc warrior, wielding a +1 vorpal great sword and wearing a +0 crystal plate armour (heavily wounded, 82% to hit)
The blast of sand misses the orc warrior.
c - 52 stones The orc warrior hits you with a +1 vorpal great sword!
Casting: Sandblast (safe; 1% risk of failure)
Confirm with . or Enter, or press ? or * to list all spells.
Aiming: Sandblast (safe; 1% risk of failure)
Press: ? - help, Shift-Dir - straight line, f/p - orc warrior
Aim: an orc warrior, wielding a +1 vorpal great sword and wearing a +0 crystal plate armour (heavily wounded, 82% to hit)
The blast of sand hits the orc warrior but does no damage.
The orc warrior is heavily wounded.
c - 51 stones The orc warrior misses you.
Casting: Sandblast (safe; 1% risk of failure)
Confirm with . or Enter, or press ? or * to list all spells.
Aiming: Sandblast (safe; 1% risk of failure)
Press: ? - help, Shift-Dir - straight line, f/p - orc warrior
Aim: an orc warrior, wielding a +1 vorpal great sword and wearing a +0 crystal plate armour (heavily wounded, 82% to hit)
The blast of sand hits the orc warrior but does no damage.
The orc warrior is heavily wounded.
c - 50 stones The orc warrior barely misses you.
You hit the orc warrior but do no damage.
The orc warrior is heavily wounded.
The orc warrior hits you with a +1 vorpal great sword!
* * * LOW HITPOINT WARNING * * *
x2
There is a large open door here.
There is an open gate here.
Items here: )) [[.
The orc warrior closely misses you.
There is a gate leading back out of this place here.
The orc warrior hits you with a +1 vorpal great sword!
* * * LOW HITPOINT WARNING * * *
You die...

..#....#≈≈≈≈≈#
8.#....#≈≈≈≈≈#
..######≈≈≈≈≈#
.....#.≈≈≈≈≈≈#
.....#.≈≈≈≈≈.######
###''#.≈≈≈≈≈......#
.....#))≈≈≈≈......###
...).'..............#
..⌠..'.........o@..∩#
.....'..)...........#
.....#))≈≈≈≈......###
###''#.≈≈≈≈≈......#
.....#.≈≈≈≈≈.######
.....#.≈≈≈≈≈≈#
..######≈≈≈≈≈#
8.#....#≈≈≈≈≈#
..#....#≈≈≈≈≈#


You could see an orc warrior.

Vanquished Creatures
  An orc knight (Bailey)
  Grinder (D:3)
  A swamp worm (Bailey)
  A water moccasin (D:5)
  Duvessa (D:5)
  An ice beast (D:5)
  A sky beast (D:7)
  9 orc warriors
  A necrophage (D:4)
  3 ogres
  3 scorpions
  A water moccasin skeleton (D:5)
  Dowan (D:5)
  4 wights (D:6)
  A killer bee (Bailey)
  6 electric eels (Bailey)
  A howler monkey (D:6)
  2 bullfrog zombies (D:6)
  2 hounds
  A bullfrog skeleton (D:5)
  Ijyb (D:3)
  Terence (D:2)
  3 iguanas
  4 orc wizards
  12 gnolls
  8 adders
  3 white imps (D:6)
  An ufetubus (D:6)
  An adder skeleton (D:5)
  2 worms
  2 dart slugs (D:3)
  28 orcs
  2 ball pythons
  7 endoplasms
  2 giant cockroaches
  16 goblins
  14 hobgoblins
  7 jackals
  2 kobolds (D:1)
  3 quokkas
  6 bats
  A frilled lizard (D:1)
  5 rats
173 creatures vanquished.

Notes
Turn   | Place    | Note
-------+----------+-------------------------------------------
     0 | D:1      | PBDoughboyy the Gnoll Earth Elementalist began the quest
                  | for the Orb.
     0 | D:1      | Reached XP level 1. HP: 13/13 MP: 6/6
     9 | D:1      | Noticed a minotaur skeleton
    13 | D:1      | Noticed a minotaur skeleton
   377 | D:1      | Reached XP level 2. HP: 16/19 MP: 5/7
   782 | D:1      | Found a faded altar of an unknown god.
  1167 | D:1      | Reached XP level 3. HP: 25/25 MP: 9/9
  1194 | D:1      | Reached skill level 5 in Spellcasting
  1671 | D:2      | Reached skill level 1 in Invocations
  1837 | D:2      | Noticed Terence
  1842 | D:2      | Killed Terence
  1843 | D:2      | Reached skill level 1 in Fighting
  1843 | D:2      | Reached skill level 1 in Short Blades
  1843 | D:2      | Reached skill level 1 in Long Blades
  1843 | D:2      | Reached skill level 1 in Axes
  1843 | D:2      | Reached skill level 1 in Maces & Flails
  1843 | D:2      | Reached skill level 1 in Polearms
  1843 | D:2      | Reached skill level 1 in Staves
  1843 | D:2      | Reached skill level 1 in Slings
  1843 | D:2      | Reached skill level 1 in Bows
  1843 | D:2      | Reached skill level 1 in Crossbows
  1843 | D:2      | Reached skill level 1 in Throwing
  1843 | D:2      | Reached skill level 1 in Armour
  1843 | D:2      | Reached skill level 1 in Shields
  1843 | D:2      | Reached skill level 1 in Unarmed Combat
  1843 | D:2      | Reached skill level 1 in Evocations
  1843 | D:2      | Reached XP level 4. HP: 9/32 MP: 7/11
  2195 | D:2      | Learned a level 3 spell: Stone Arrow
  2590 | D:3      | Reached skill level 1 in Conjurations
  2590 | D:3      | Reached skill level 1 in Hexes
  2590 | D:3      | Reached skill level 1 in Summonings
  2590 | D:3      | Reached skill level 1 in Necromancy
  2590 | D:3      | Reached skill level 1 in Translocations
  2590 | D:3      | Reached skill level 1 in Fire Magic
  2590 | D:3      | Reached skill level 1 in Ice Magic
  2590 | D:3      | Reached skill level 1 in Air Magic
  2590 | D:3      | Reached skill level 1 in Poison Magic
  2963 | D:3      | Found a basalt altar of Yredelemnul.
  3278 | D:3      | Noticed Grinder
  3279 | D:3      | Noticed Ijyb
  3295 | D:4      | Noticed a necrophage
  3303 | D:4      | Killed a necrophage
  3304 | D:4      | Reached XP level 5. HP: 37/37 MP: 10/12
  3326 | D:4      | Learned a level 4 spell: Petrify
  3485 | D:4      | Reached XP level 6. HP: 44/44 MP: 6/13
  3589 | D:4      | Found a snail-covered altar of Cheibriados.
  3589 | D:4      | Found a radiant altar of Vehumet.
  3780 | D:4      | Reached skill level 5 in Dodging
  3887 | D:4      | Found an ornate altar of the Wu Jian Council.
  4083 | D:4      | Found an iron altar of Okawaru.
  4312 | D:5      | Entered Level 5 of the Dungeon
  4338 | D:5      | Reached XP level 7. HP: 50/50 MP: 11/15
  4732 | D:5      | Reached skill level 5 in Stealth
  4839 | D:5      | Learned a level 3 spell: Spider Form
  5264 | D:5      | Noticed Dowan
  5517 | D:5      | Reached XP level 8. HP: 58/58 MP: 5/16
  5988 | D:5      | Reached skill level 6 in Spellcasting
  7237 | D:6      | Reached XP level 9. HP: 65/65 MP: 1/18
  7696 | D:3      | Killed Grinder
  7699 | D:3      | Killed Ijyb
  8145 | D:5      | Noticed Duvessa
  8165 | D:5      | Killed Dowan
  8168 | D:5      | Killed Duvessa
  8591 | D:7      | Found a flagged portal.
  8609 | Bailey   | Entered a bailey
  9191 | Bailey   | Noticed a kobold demonologist
  9192 | Bailey   | a kobold demonologist changed into a killer bee
  9529 | Bailey   | Reached skill level 5 in Invocations
  9689 | Bailey   | Found an iron altar of Okawaru.
  9691 | Bailey   | Noticed an orc sorcerer
  9698 | Bailey   | Identified the +1 plate armour of Precision Catastrophes
                  | {-Tele rElec Str+6}
  9760 | Bailey   | Noticed an orc knight
  9761 | Bailey   | an orc knight changed into a swamp worm
 10108 | Bailey   | Reached skill level 7 in Spellcasting
 10199 | Bailey   | Noticed an orc knight
 10221 | Bailey   | Reached XP level 10. HP: 73/73 MP: 16/20
 10236 | Bailey   | Killed an orc knight
 10237 | Bailey   | Reached skill level 5 in Fighting
 10237 | Bailey   | Reached skill level 5 in Short Blades
 10237 | Bailey   | Reached skill level 5 in Long Blades
 10237 | Bailey   | Reached skill level 5 in Axes
 10237 | Bailey   | Reached skill level 5 in Maces & Flails
 10237 | Bailey   | Reached skill level 5 in Polearms
 10237 | Bailey   | Reached skill level 5 in Staves
 10237 | Bailey   | Reached skill level 5 in Slings
 10237 | Bailey   | Reached skill level 5 in Bows
 10237 | Bailey   | Reached skill level 5 in Crossbows
 10237 | Bailey   | Reached skill level 5 in Throwing
 10237 | Bailey   | Reached skill level 5 in Armour
 10237 | Bailey   | Reached skill level 5 in Shields
 10237 | Bailey   | Reached skill level 5 in Unarmed Combat
 10237 | Bailey   | Reached skill level 5 in Evocations
 10357 | Bailey   | HP: 3/74 [orc warrior (16)]
 10357 | Bailey   | Slain by an orc warrior

Illustrated notes

Levels and vault maps discovered:
D:1:      shiori_arrival_whats_in_store_for_you, layout_loops_corners,
          ebering_ecumenical_altar_sacrificial
D:2:      layout_loops_ring, uniq_terence
D:3:      layout_loops_ring, mainiacjoe_overflow_tiny_flanked,
          bh_walls_and_bars, uniq_ijyb, uniq_grinder
D:4:      layout_basic, nicolae_wu_jian_wuxing_cycle, kennysheep_little_box,
          jmf_multi_god_temple, hangedman_decor_growths
D:5:      layout_layer_cave, uniq_duvessa
D:6:      layout_loops_ring, grunt_decor_cap
D:7:      layout_basic, lemuel_tele_altar, mainiacjoe_overflow_alcove_1,
          mainiacjoe_overflow_surrounded_room, minmay_temple_entry_ruins,
          enter_bailey_4
Bailey:   bailey_axe_of_yendor_kennysheep, bailey

Skill      XL: |  1  2  3  4  5  6  7  8  9 10 |
---------------+-------------------------------+-----
Transmutations | 2 3 4 |  4.7
Spellcasting   | 5 6 7 |  7.2
Invocations    | 1 2 3 4 5 |  5.5
Fighting       | 1 2 3 4 5 |  5.0
Short Blades   | 1 2 3 4 5 |  5.0
Long Blades    | 1 2 3 4 5 |  5.0
Axes           | 1 2 3 4 5 |  5.0
Maces & Flails | 1 2 3 4 5 |  5.0
Polearms       | 1 2 3 4 5 |  5.0
Staves         | 1 2 3 4 5 |  5.0
Slings         | 1 2 3 4 5 |  5.0
Bows           | 1 2 3 4 5 |  5.0
Crossbows      | 1 2 3 4 5 |  5.0
Throwing       | 1 2 3 4 5 |  5.0
Armour         | 1 2 3 4 5 |  5.0
Shields        | 1 2 3 4 5 |  5.0
Unarmed Combat | 1 2 3 4 5 |  5.0
Evocations     | 1 2 3 4 5 |  5.0
Conjurations   | 1 2 3 4 |  4.1
Hexes          | 1 2 3 4 |  4.1
Summonings     | 1 2 3 4 |  4.1
Necromancy     | 1 2 3 4 |  4.1
Translocations | 1 2 3 4 |  4.1
Fire Magic     | 1 2 3 4 |  4.1
Ice Magic      | 1 2 3 4 |  4.1
Air Magic      | 1 2 3 4 |  4.1
Poison Magic   | 1 2 3 4 |  4.1
Dodging        | 5 6 |  6.9
Stealth        | 5 6 |  6.6
Earth Magic    | 6 |  6.9

Action                   |  1- 3 |  4- 6 |  7- 9 | 10-12 || total
-------------------------+-------+-------+-------+-------++-------
Melee: Whip              |    10 |       |       |       ||    10
       Unarmed           |     1 |       |    46 |       ||    47
       Dagger            |    31 |       |       |       ||    31
       Bite              |     5 |    13 |    27 |     3 ||    48
       Short sword       |       |    78 |   215 |    19 ||   312
       Punch             |       |     3 |     9 |     1 ||    13
Throw: Dart              |       |       |     3 |       ||     3
 Cast: Sandblast         |    23 |    16 |    85 |     7 ||   131
       Stone Arrow       |       |    15 |     3 |       ||    18
       Petrify           |       |     1 |    36 |     6 ||    43
       Spider Form       |       |       |     5 |       ||     5
Evoke: Wand              |       |       |    14 |       ||    14
 Stab: Sleeping          |    10 |     2 |    11 |       ||    23
       Petrified         |       |     4 |    55 |     8 ||    67
       Paralysed         |       |       |     4 |       ||     4
       Petrifying        |       |       |     1 |       ||     1
Armor: Robe              |     7 |    12 |    33 |       ||    52
       Skin              |       |       |     1 |       ||     1
Dodge: Dodged            |    31 |    44 |   206 |    10 ||   291
